 Dungeon Sprint DCSS version 0.23.0 (webtiles) character file.

Game seed: 1068160271251958637

27000000 Fang the Conqueror (level 27, -20524/249 HPs)
             Began as a Demonspawn Gladiator on Feb 13, 2019.
             Was the Champion of Makhleb.
             Annihilated by The Meatlord
             ... wielding the +7 sceptre of Torment {pain, torment}
              (20725 damage)
             ... in the Dungeon (Sprint VIII: "Arena of Blood").
             The game lasted 00:02:25 (270 turns).

Fang the Conqueror (Demonspawn Gladiator)            Turns: 270, Time: 00:02:25

Health: -20524/249 AC:  6    Str: 26    XL:     27
Magic:  54/54      EV: 32    Int: 11    God:    Makhleb [******]
Gold:   0          SH:  8    Dex: 15    Spells: 80/80 levels left

rFire    + . .     SeeInvis +   l - +∞ Axe of Woe
rCold    . . .     Gourm    .   (shield currently unavailable)
rNeg     . . .     Faith    .   b - +0 leather armour
rPois    .         Spirit   .   (helmet unavailable)
rElec    .         Reflect  .   (no cloak)
rCorr    .         Harm     .   (no gloves)
MR       ++...     NoTele   +   (no boots)
Stlth    ++++++++++             (no amulet)
HPRegen  0.51/turn              (no ring)
MPRegen  0.34/turn              (no ring)

@: no status effects
A: antennae 3, large bone plates 3, fire resistance 1, hurl damnation,
nightstalker 3, spiny 3, flame cloud immunity
a: Hurl Damnation, Minor Destruction, Lesser Servant of Makhleb, Major
Destruction, Greater Servant of Makhleb, Renounce Religion


You were in the Dungeon.
You worshipped Makhleb.
Makhleb was exalted by your worship.
You were not hungry.

You visited 1 branch

Inventory:

Hand Weapons
 a - a +0 war axe
 l - the +∞ Axe of Woe (weapon)
   (You found it in the Dungeon)
Missiles
 d - 3 throwing nets (quivered)
Armour
 b - a +0 leather armour (worn)
 c - a +0 helmet
Jewellery
 m - a +30 ring of slaying
 n - a +30 ring of slaying
 o - a +30 ring of slaying
 p - a +30 ring of slaying
 q - a +30 ring of slaying
 s - a +200 ring of slaying
 t - a +30 ring of slaying
 u - a +30 ring of slaying
 v - a +30 ring of slaying
 w - a +30 ring of slaying
 x - a +30 ring of slaying
 y - a +200 ring of slaying
 z - a +30 ring of slaying
 A - a +30 ring of slaying
 B - a +30 ring of slaying
Scrolls
 k - a scroll of blinking
Potions
 e - a potion of curing
 g - a potion of heal wounds
 h - a potion of haste
 i - 2 potions of magic
 j - a potion of berserk rage
Comestibles
 f - a ration
 r - 2 chunks of flesh


   Skills:
 O Level 27 Fighting
 O Level 27 Axes
 O Level 27 Throwing
 O Level 27 Armour
 O Level 27 Dodging
 O Level 27 Stealth
 O Level 27 Unarmed Combat
 O Level 27 Spellcasting
 O Level 27 Invocations


You had 80 spell levels left.
You didn't know any spells.
Your spell library was empty.

Dungeon Overview and Level Annotations

Branches:
Dungeon (1/1)

Altars:
Makhleb

Annotations:
D The Meatlord


Innate Abilities, Weirdness & Mutations

You have a pair of large antennae on your head. (SInv)
You are completely covered in large bone plates. (SH +8)
Your flesh is heat resistant. (rF+)
You can hurl damnation.
You are completely attuned to the shadows.
You are completely covered in sharp spines.
You are immune to clouds of flame.


Message History

The ball lightning completely resists.
The blast of lightning engulfs the ball lightning.
The ball lightning completely resists.
A ball lightning comes into view.
A bag of meat comes into view. It is wielding a +9 war axe.
You hear a shout!
A meat berserker comes into view. It is wielding a +9 battleaxe.
A ball lightning comes into view.
The ball lightning explodes!
The blast of lightning engulfs the ball lightning.
The ball lightning completely resists.
The blast of lightning engulfs you!
The blast of lightning engulfs The Meatlord.
The Meatlord completely resists.
The blast of lightning engulfs the ball lightning.
The ball lightning completely resists.
The blast of lightning engulfs the bag of meat! x3
The Meatlord is struck by your spines.
The Meatlord hits you with the +7 sceptre of Torment {pain, torment}!!!!!!!!!!!!
Ouch! That really hurt!
You die...

.......###).... {
)......#.)))... {
.......#....... {
.).).....)..... {
)).)....§).#...#*....{
...)..)°○.#..O*#..o..
..)).).☼##.....#*ooo.
..)))))#......#.*&.#
.......#...###.*@.#
#.............))#....
..............)).....
.#.....####)).......#
.........#.))....####
............).####
...=.......####
############


You could see The Meatlord, a meat berserker (berserk), 4 bags of meat and 5
ball lightnings.

Vanquished Creatures
  4 vampire knights (D)
  23 ogres (D)
  6 two-headed ogres (D)
  134 orcs (D)
167 creatures vanquished.

Vanquished Creatures (others)
  4 ball lightnings (D)
4 creatures vanquished.

Grand Total: 171 creatures vanquished

Notes
Turn   | Place    | Note
-------+----------+-------------------------------------------
     0 | D        | Found the +∞ Axe of Woe
     0 | D        | Fang the Demonspawn Gladiator began the quest for the Orb.
     0 | D        | Reached XP level 1. HP: 16/16 MP: 1/1
     4 | D        | Became a worshipper of Makhleb the Destroyer
     6 | D        | Noticed a bag of meat
     7 | D        | Noticed a bag of meat
     8 | D        | Noticed a bag of meat
     9 | D        | Noticed a meat berserker
    12 | D        | Killed a bag of meat
    12 | D        | Gained mutation: You are partially covered in large bone
                  | plates. (SH +4) [demonic ancestry]
    12 | D        | Reached XP level 2. HP: 43/43 MP: 2/2
    12 | D        | Gained mutation: You are partially covered in sharp spines.
                  | [demonic ancestry]
    12 | D        | Reached XP level 3. HP: 49/49 MP: 3/3
    12 | D        | Reached XP level 4. HP: 56/56 MP: 4/4
    12 | D        | Gained mutation: You are slightly more attuned to the
                  | shadows. [demonic ancestry]
    12 | D        | Reached XP level 5. HP: 62/62 MP: 5/5
    12 | D        | Reached XP level 6. HP: 69/69 MP: 6/6
    12 | D        | Gained mutation: You have a pair of small antennae on your
                  | head. [demonic ancestry]
    12 | D        | Reached XP level 7. HP: 75/75 MP: 7/7
    12 | D        | Gained mutation: You have a pair of antennae on your head.
                  | [demonic ancestry]
    12 | D        | Reached XP level 8. HP: 82/82 MP: 8/8
    12 | D        | Reached XP level 9. HP: 88/88 MP: 9/9
    12 | D        | Reached XP level 10. HP: 95/95 MP: 10/10
    12 | D        | Gained mutation: You have a pair of large antennae on your
                  | head. (SInv) [demonic ancestry]
    12 | D        | Reached XP level 11. HP: 101/101 MP: 11/11
    12 | D        | Noticed a bag of meat
    13 | D        | Killed a meat berserker
    13 | D        | Reached * piety under Makhleb
    13 | D        | Gained mutation: Your flesh is heat resistant. (rF+)
                  | [demonic ancestry]
    13 | D        | Reached XP level 12. HP: 58/116 MP: 12/12
    13 | D        | Gained mutation: You are immune to clouds of flame.
                  | [demonic ancestry]
    13 | D        | Reached XP level 13. HP: 61/122 MP: 13/13
    13 | D        | Noticed a bag of meat
    14 | D        | Noticed a bag of meat
    14 | D        | Noticed a bag of meat
    15 | D        | Killed a bag of meat
    15 | D        | Gained mutation: You are mostly covered in large bone
                  | plates. (SH +6) [demonic ancestry]
    15 | D        | Reached XP level 14. HP: 67/133 MP: 14/14
    16 | D        | Noticed a bag of meat
    16 | D        | Noticed a bag of meat
    17 | D        | Killed a bag of meat
    17 | D        | Killed a bag of meat
    17 | D        | Reached ** piety under Makhleb
    17 | D        | Gained mutation: You are significantly more attuned to the
                  | shadows. [demonic ancestry]
    17 | D        | Reached XP level 15. HP: 144/144 MP: 15/15
    19 | D        | Reached *** piety under Makhleb
    19 | D        | Reached XP level 16. HP: 157/157 MP: 16/16
    22 | D        | Reached **** piety under Makhleb
    22 | D        | Reached XP level 17. HP: 169/169 MP: 17/17
    31 | D        | Noticed a meat berserker
    31 | D        | Noticed a meat berserker
    32 | D        | Noticed a meat berserker
    34 | D        | Killed a meat berserker
    34 | D        | Reached skill level 27 in Fighting
    34 | D        | Killed a meat berserker
    34 | D        | Gained mutation: You are completely attuned to the shadows.
                  | [demonic ancestry]
    34 | D        | Reached XP level 18. HP: 182/182 MP: 18/18
    34 | D        | Reached skill level 27 in Axes
    34 | D        | Reached skill level 27 in Throwing
    34 | D        | Reached skill level 27 in Dodging
    34 | D        | Reached skill level 5 in Armour
    34 | D        | Reached skill level 5 in Unarmed Combat
    34 | D        | Reached skill level 5 in Spellcasting
    35 | D        | Killed a meat berserker
    35 | D        | Reached ***** piety under Makhleb
    35 | D        | Reached skill level 10 in Armour
    35 | D        | Reached skill level 10 in Unarmed Combat
    35 | D        | Reached skill level 10 in Spellcasting
    35 | D        | Gained mutation: You are mostly covered in sharp spines.
                  | [demonic ancestry]
    35 | D        | Reached XP level 19. HP: 189/189 MP: 18/33
    36 | D        | Reached skill level 15 in Stealth
    36 | D        | Reached skill level 15 in Armour
    36 | D        | Reached skill level 15 in Unarmed Combat
    36 | D        | Reached skill level 15 in Spellcasting
    38 | D        | Reached XP level 20. HP: 197/197 MP: 18/41
    42 | D        | Noticed a meat berserker
    43 | D        | Reached ****** piety under Makhleb
    44 | D        | Killed a meat berserker
    48 | D        | Noticed a meat berserker
    50 | D        | Noticed a large bag of meat
    52 | D        | Killed a meat berserker
    52 | D        | Reached skill level 27 in Invocations
    52 | D        | Reached XP level 21. HP: 204/204 MP: 22/46
    56 | D        | Killed a large bag of meat
    56 | D        | Reached XP level 22. HP: 212/212 MP: 23/51
    57 | D        | Reached skill level 27 in Stealth
    59 | D        | Reached skill level 27 in Unarmed Combat
    59 | D        | Reached skill level 27 in Armour
    59 | D        | Reached skill level 27 in Spellcasting
    61 | D        | Gained mutation: You can hurl damnation. [demonic ancestry]
    61 | D        | Reached XP level 23. HP: 219/219 MP: 24/54
    68 | D        | Reached XP level 24. HP: 227/227 MP: 26/54
    69 | D        | Noticed a destroyer
    73 | D        | Killed a destroyer
    89 | D        | Noticed a destroyer
    90 | D        | Reached XP level 25. HP: 234/234 MP: 33/54
    92 | D        | Killed a destroyer
    95 | D        | Gained mutation: You are completely covered in large bone
                  | plates. (SH +8) [demonic ancestry]
    95 | D        | Reached XP level 26. HP: 242/242 MP: 34/54
   100 | D        | Gained mutation: You are completely covered in sharp
                  | spines. [demonic ancestry]
   100 | D        | Reached XP level 27. HP: 249/249 MP: 35/54
   100 | D        | Noticed a large bag of meat
   103 | D        | Killed a large bag of meat
   104 | D        | Noticed a large bag of meat
   109 | D        | Killed a large bag of meat
   120 | D        | Noticed a destroyer
   120 | D        | Noticed a large bag of meat
   121 | D        | Killed a destroyer
   130 | D        | Killed a large bag of meat
   133 | D        | Noticed a large bag of meat
   139 | D        | Killed a large bag of meat
   162 | D        | Noticed The Meatlord
   206 | D        | Noticed a large bag of meat
   212 | D        | Killed a large bag of meat
   251 | D        | Noticed a destroyer
   256 | D        | Killed a destroyer
   270 | D        | Annihilated by The Meatlord

Skill      XL: |  1  2  3  4  5  6  7  8  9 10 11 12 13 14 15 16 17 18 19 20 21 22 |
---------------+-------------------------------------------------------------------+-----
Fighting       | 14 18 19 21 23 25 27 | 27.0
Axes           | 13 17 18 19 22 23 26 27 | 27.0
Throwing       | 13 16 18 19 21 23 26 27 | 27.0
Dodging        | 13 17 18 19 22 23 26 27 | 27.0
Armour         | 10 17 21 25 27 | 27.0
Stealth        | 11 18 22 26 27 | 27.0
Unarmed Combat | 10 17 21 24 27 | 27.0
Spellcasting   | 10 17 21 25 27 | 27.0
Invocations    | 14 22 27 | 27.0

Action                   |  1- 3 |  4- 6 |  7- 9 | 10-12 | 13-15 | 16-18 | 19-21 | 22-24 | 25-27 || total
-------------------------+-------+-------+-------+-------+-------+-------+-------+-------+-------++-------
Melee: Executioner's axe |     1 |       |       |     1 |     4 |     5 |     9 |    14 |    76 ||   110
Armor: Leather armour    |       |       |       |       |       |       |       |       |     1 ||     1
Dodge: Dodged            |       |       |       |       |       |       |     2 |     1 |     6 ||     9
Block: Other             |       |       |       |       |       |       |       |       |     3 ||     3
